 Dungeon Crawl Stone Soup version 0.31-a0-538-gbc85326fa9 (webtiles) character file.

Game seed: 10194302775449900753

7699 howech the Cleaver (level 11, -2/97 HPs)
             Began as a Minotaur Berserker on Aug 13, 2023.
             Was a Priest of Trog.
             Slain by an orc warrior
             ... wielding a +0 halberd
              (10 damage)
             ... in a bailey.
             The game lasted 00:44:57 (12023 turns).

howech the Cleaver (Minotaur Berserker)            Turns: 12023, Time: 00:44:57

Health: -2/97      AC: 14    Str: 22    XL:     11   Next: 0%
Magic:  10/10      EV: 10    Int:  6    God:    Trog [***...]
Gold:   651        SH:  5    Dex: 12    Spells: 10/10 levels left

rFire   . . .        a - +0 hand axe
rCold   + + .        t - +0 buckler
rNeg    . . .        f - +1 chain mail {rC+}
rPois   .            (helmet restricted)
rElec   .            s - +0 cloak
rCorr   .            l - +0 pair of gloves
SInv    +            e - +0 pair of boots
Will    ++...        (no amulet) Stlth
                     c - ring of see invisible
HPRegen 1.36/turn    r - ring of protection from cold
MPRegen 0.12/turn

%: no passive effects
@: strong-willed, regenerating
A: horns 2, retaliatory headbutt
a: Renounce Religion, Berserk, Trog's Hand


You were in a bailey.
You worshipped Trog.
Trog was most pleased with you.
You visited 1 branch of the dungeon, and saw 10 of its levels.
You also visited: Bailey.

You collected 739 gold pieces.
You spent 88 gold pieces at shops.

Inventory:

Hand Weapons
 a - a +0 hand axe (weapon)
 u - a +0 falchion of flaming
 y - a +0 war axe
 N - a +1 hand axe of freezing
 P - a +0 war axe
Missiles
 n - a poisoned dart
 L - a throwing net
Armour
 e - a +0 pair of boots (worn)
 f - a +1 chain mail of cold resistance (worn)
 l - a +0 pair of gloves (worn)
 s - a +0 cloak (worn)
 t - a +0 buckler (worn)
 A - a +0 plate armour
Jewellery
 c - a ring of see invisible (left hand)
 o - a ring of ice
 p - a ring of fire
 r - a ring of protection from cold (right hand)
 C - a ring of resist corrosion
 K - a +5 ring of evasion
 O - an amulet of the acrobat
Talismans
 H - a serpent talisman
Wands
 D - a wand of roots (5)
 I - a wand of charming (19)
Scrolls
 h - a scroll of poison {unknown}
 i - 2 scrolls of enchant weapon
 j - a scroll of enchant armour
 m - 5 scrolls of fear
 v - 2 scrolls of teleportation {unknown}
 x - a scroll of butterflies {unknown}
 z - 4 scrolls of immolation {unknown}
 F - 2 scrolls of revelation
Potions
 b - 2 potions of brilliance
 d - 2 potions of lignification
 g - 2 potions of haste
 q - a potion of cancellation
 w - a potion of invisibility
 E - a potion of curing
 G - a potion of heal wounds
 J - a potion of ambrosia {unknown}
 M - a potion of enlightenment {unknown}
 Q - a potion of magic {unknown}


   Skills:
 + Level 9.0 Fighting
 + Level 7.5 Long Blades
 * Level 11.8 Axes
 - Level 5.0 Throwing
 - Level 5.0 Armour
 - Level 5.0 Dodging
 - Level 5.0 Shields
 - Level 5.3 Evocations


You had 10 spell levels left.
You didn't know any spells.
Your spell library was empty.

Dungeon Overview and Level Annotations

Branches:
Dungeon (10/15)            Temple (0/1) D:6            Lair (0/5) D:10
 Bailey (1/1)
    Orc: D:9-12

Altars:
Gozag
Hepliaklqana
Qazlal
Sif Muna
Uskayaw
Wu Jian
Zin

Shops:
D:2 *   D:4 (   D:6 *[[   D:9 (


Innate Abilities, Weirdness & Mutations

You have a pair of horns on your head.
You reflexively headbutt those who attack you in melee.


Message History

You block the orc's attack. The centaur completely misses you.
You slash the centaur!
You kill the centaur!
Trog accepts your kill. The orc warrior barely misses you.
The centaur barely misses you.
You have reached level 11!
The orc barely misses you. You block the centaur's attack.
The centaur kicks you but does no damage.
You block the orc warrior's attack.
Things that are here:
a +0 halberd; 2 javelins; a +0 scale mail Unknown command.
You barely miss the centaur. The centaur hits you with a +0 spear.
* * * LOW HITPOINT WARNING * * *
The centaur barely misses you. The orc hits you but does no damage.
The orc closely misses you.
The orc warrior hits you from afar with a +0 halberd!
* * * LOW HITPOINT WARNING * * *
Unknown command.
You hit the centaur. You headbutt the centaur!
The centaur is severely wounded.
The centaur hits you but does no damage.
The centaur kicks you but does no damage.
The orc closely misses you.
Unknown command.
You hit the centaur.
The centaur is almost dead.
The orc hits you from afar with a +0 trident.
* * * LOW HITPOINT WARNING * * *
The centaur hits you but does no damage.
The centaur kicks you but does no damage.
The orc warrior barely misses you.
You barely miss the centaur.
The centaur is almost dead.
You block the centaur's attack. The centaur barely misses you.
The orc barely misses you.
The orc hits you from afar with a +0 trident.
* * * LOW HITPOINT WARNING * * *
The orc warrior hits you from afar with a +0 halberd!
You die...

≈.(≈≈≈≈≈≈≈..≈≈≈≈≈≈≈#
.≈≈≈.....≈≈≈..≈≈≈≈≈#
≈≈.........≈≈≈.≈≈≈≈#
.............≈.≈≈≈≈#
.⌠.........⌠.≈≈.≈≈≈#
..............≈)≈≈≈#
...≈≈≈≈≈≈≈....≈≈o≈≈#
.≈≈≈~~~~~≈≈≈..o≈)≈≈#
≈≈≈~≈≈≈≈≈~~≈≈.o≈@≈≈#
≈≈≈~~?":≈≈≈~~...c≈≈#
≈≈≈~≈≈≈≈≈~~≈≈..≈.≈≈#
.≈≈≈~~(~~≈≈≈...≈.≈≈#
...≈≈≈≈≈≈≈....≈≈.≈≈#
..............≈.≈≈≈#
.⌠.........⌠.≈≈.≈≈≈#
.............≈.≈≈≈≈#
≈≈.........≈≈≈.≈≈≈≈#


You could see an orc warrior, a centaur and 2 orcs.

Vanquished Creatures
  Joseph (D:7)
  Maurice (D:9)
  A gargoyle (D:10)
  A troll (D:8)
  A shadow (D:7)
  8 yaks
  2 steam dragons (D:6)
  Menkaure (D:7)
  2 water moccasins
  A black bear (D:5)
  5 orc warriors (Bailey)
  2 ice beasts
  2 ogres
  15 centaurs
  A kobold brigand (D:8)
  4 phantoms
  A gnoll sergeant (D:8)
  2 bullfrogs
  4 scorpions
  5 wights (D:6)
  11 killer bees (D:9)
  2 howler monkeys
  A jelly (D:6)
  3 hounds
  A gnoll bouda (D:8)
  3 scorpion zombies (D:4)
  Jessica (D:3)
  3 iguanas
  Natasha (thrice) (D:2)
  3 sleepcaps (D:5)
  4 orc wizards
  A hound zombie (D:4)
  8 gnolls
  10 adders
  3 ufetubi
  4 adder skeletons (D:4)
  An adder zombie (D:4)
  5 dart slugs
  37 orcs
  13 endoplasms
  A giant cockroach (D:4)
  17 goblins
  5 hobgoblins
  5 quokkas
  3 ball pythons (D:1)
  A bat (D:2)
  2 frilled lizards (D:1)
  10 kobolds
  7 rats
228 creatures vanquished.

Vanquished Creatures (others)
  An orc warrior (Bailey)
1 creature vanquished.

Grand Total: 229 creatures vanquished

Notes
Turn   | Place    | Note
-------+----------+-------------------------------------------
     0 | D:1      | howech the Minotaur Berserker began the quest for the Orb.
     0 | D:1      | Reached XP level 1. HP: 19/19 MP: 0/0
   351 | D:1      | Reached XP level 2. HP: 27/27 MP: 1/1
   453 | D:1      | Reached skill level 4 in Axes
   726 | D:1      | Reached ** piety under Trog
   727 | D:1      | Reached XP level 3. HP: 29/33 MP: 2/2
  1142 | D:2      | Found Lekkall's Assorted Antiques.
  1169 | D:2      | Noticed Natasha
  1177 | D:2      | Killed Natasha
  1178 | D:2      | Reached skill level 1 in Shields
  1178 | D:2      | Reached skill level 1 in Evocations
  1257 | D:2      | Reached XP level 4. HP: 40/40 MP: 3/3
  1264 | D:2      | Reached skill level 1 in Throwing
  1301 | D:2      | Noticed Natasha
  1312 | D:2      | Killed Natasha
  1497 | D:2      | Noticed Natasha
  1503 | D:2      | Killed Natasha
  1724 | D:3      | Reached XP level 5. HP: 46/46 MP: 4/4
  1837 | D:3      | Found an opulent altar of Gozag.
  1995 | D:3      | Reached skill level 5 in Axes
  2012 | D:3      | Noticed Jessica
  2023 | D:3      | Killed Jessica
  2719 | D:4      | Found a stormy altar of Qazlal.
  2729 | D:4      | Reached *** piety under Trog
  2730 | D:4      | Reached XP level 6. HP: 39/53 MP: 5/5
  2928 | D:4      | Found Nidad's Antique Weapon Boutique.
  3035 | D:4      | Reached skill level 1 in Long Blades
  3110 | D:4      | Reached XP level 7. HP: 60/60 MP: 6/6
  3214 | D:4      | Found a glowing silver altar of Zin.
  3249 | D:4      | Reached skill level 5 in Fighting
  3326 | D:4      | You fall into a shaft and drop 3 floors!
  3344 | D:7      | Reached skill level 6 in Axes
  3347 | D:7      | Noticed a steam dragon
  3352 | D:6      | Found Reriwyez's General Store.
  3352 | D:6      | Found Ituck's Antique Armour Boutique.
  3352 | D:6      | Found Muguy's Antique Armour Boutique.
  3376 | D:6      | Bought a scroll of identify for 22 gold pieces
  3376 | D:6      | Bought 2 scrolls of identify for 44 gold pieces
  3376 | D:6      | Bought a scroll of identify for 22 gold pieces
  3492 | D:6      | Killed a steam dragon
  3634 | D:7      | Noticed Joseph
  3657 | D:7      | Killed Joseph
  3658 | D:7      | Reached XP level 8. HP: 32/69 MP: 7/7
  3928 | D:7      | Reached skill level 7 in Axes
  4109 | D:6      | Reached skill level 5 in Armour
  4338 | D:6      | Found a staircase to the Ecumenical Temple.
  4372 | D:6      | Found a shimmering blue altar of Sif Muna.
  4589 | D:6      | Reached XP level 9. HP: 51/75 MP: 8/8
  5264 | D:6      | Reached skill level 8 in Axes
  5519 | D:5      | Entered Level 5 of the Dungeon
  5529 | D:5      | Reached skill level 5 in Dodging
  5734 | D:5      | Found an ornate altar of the Wu Jian Council.
  5858 | D:5      | Found a hazy altar of Hepliaklqana.
  5931 | D:5      | Reached skill level 5 in Shields
  6059 | D:5      | Found a hide-covered altar of Uskayaw.
  6889 | D:7      | Noticed Menkaure
  6898 | D:7      | Killed Menkaure
  6899 | D:7      | Reached skill level 5 in Long Blades
  6899 | D:7      | Reached skill level 9 in Axes
  7470 | D:8      | Reached XP level 10. HP: 57/86 MP: 9/9
  8325 | D:8      | Reached skill level 5 in Throwing
  8333 | D:8      | Reached **** piety under Trog
  8589 | D:8      | Reached skill level 10 in Axes
  9431 | D:9      | Noticed Maurice
  9446 | D:9      | Killed Maurice
  9447 | D:9      | Reached skill level 5 in Evocations
  9816 | D:9      | Found Kischiejipp's Antique Weapon Shop.
 10331 | D:9      | Reached skill level 11 in Axes
 10707 | D:10     | Entered Level 10 of the Dungeon
 10707 | D:10     | Noticed a gargoyle
 10719 | D:10     | Killed a gargoyle
 10731 | D:10     | Found a flagged portal.
 10753 | Bailey   | Entered a bailey
 12012 | Bailey   | HP: 4/91 [centaur/+0 spear (6)]
 12019 | Bailey   | Reached XP level 11. HP: 25/97 MP: 10/10
 12023 | Bailey   | Slain by an orc warrior

Illustrated notes

Levels and vault maps discovered:
D:1:      eino_arrival_cavern_e, layout_basic
D:2:      layout_rooms, serial_shops, nicolae_shop_window_shopping,
          lightli_corner_chamber, uniq_natasha
D:3:      layout_loops_ring, nicolae_gozag_cash_rules_everything_around_me,
          minmay_misc_feat_secret_circle, uniq_jessica
D:4:      layout_basic, mainiacjoe_overflow_brackets, zin_statuary,
          serial_shops, shop, serial_undead, serial_undead_b, serial_undead_a,
          serial_undead_c, serial_undead_d, minmay_misc_feat_x
D:5:      layout_loops_cross, mainiacjoe_overflow_alcove_4,
          mainiacjoe_overflow_six_doors_small, mainiacjoe_overflow_paths,
          hangedman_decor_lopped
D:6:      layout_loops_corners, amcnicky_altar_gilded, lemuel_temple_firewalk_b,
          serial_rivers, chequers_serial_rivers_small_a,
          chequers_serial_rivers_small_a, chequers_serial_rivers_small_3,
          chequers_serial_rivers_large_b, chequers_serial_rivers_room_b,
          chequers_serial_rivers_small_3, nicolae_shop_distant_corner_stores,
          nrook_mini_backslash
D:7:      layout_cave_pools, uniq_menkaure, uniq_joseph
D:8:      layout_gridville
D:9:      layout_grid_maze, serial_shops, shop, uniq_maurice
D:10:     layout_cave_pools, makhleb_altar_promises_db, dpeg_lair_monsters,
          enter_bailey_5, uniq_lodul
Bailey:   bailey_polearm_flooded_kennysheep, bailey

Skill      XL: |  1  2  3  4  5  6  7  8  9 10 |
---------------+-------------------------------+-----
Axes           | 4 5 6 7 9 11 | 11.8
Shields        | 1 2 3 4 5 |  5.0
Evocations     | 1 2 3 4 5 |  5.3
Fighting       | 4 5 6 7 9 |  9.0
Throwing       | 1 2 3 4 5 |  5.0
Armour         | 3 4 5 |  5.0
Dodging        | 3 4 5 |  5.0
Long Blades    | 1 2 3 5 7 |  7.5

Action                     |  1- 3 |  4- 6 |  7- 9 | 10-12 || total
---------------------------+-------+-------+-------+-------++-------
  Melee: Hand axe          |    66 |   137 |   277 |   302 ||   782
         Headbutt          |     9 |    22 |    66 |    69 ||   166
  Throw: Dart              |       |     4 |    23 |    46 ||    73
 Invoke: Trog's Hand       |       |     1 |     1 |     7 ||     9
         Berserk           |       |     1 |     5 |     5 ||    11
  Evoke: Wand              |       |       |       |     1 ||     1
    Use: Scroll            |       |     3 |     5 |     2 ||    10
         Potion            |       |       |       |     4 ||     4
 Armour: Chain mail        |    35 |    89 |   167 |   216 ||   507
  Dodge: Dodged            |    24 |    54 |   143 |   227 ||   448
  Block: Buckler           |       |     8 |    52 |    93 ||   153

Table legend: (Time is in decaauts)
 A = Elapsed time spent in this place.
 B = Non-inter-level travel time spent in this place.
 C = Inter-level travel time spent in this place.
 D = Time resting spent in this place.
 E = Time spent auto-exploring this place.
 F = Levels seen in this place.
 G = Mean time per level.
                   A        B        C        D        E       F      G
               +--------+--------+--------+--------+--------+-----+--------+
         Total |  12154 |  11449 |    705 |   2932 |   5963 |  11 | 1104.9 |
       Dungeon |  10917 |  10212 |    705 |   2280 |   5932 |  10 | 1091.7 |
        Bailey |   1237 |   1237 |      0 |    652 |     31 |   1 | 1237.0 |
               +--------+--------+--------+--------+--------+-----+--------+

Top non-repeatable levels by time:
     D:6: 2012 daAuts
     D:9: 1644 daAuts
     D:8: 1332 daAuts
  Bailey: 1237 daAuts
     D:7: 1220 daAuts
     D:1: 1147 daAuts
     D:3: 1005 daAuts
     D:5: 969 daAuts
     D:4: 933 daAuts
     D:2: 597 daAuts
    D:10: 55 daAuts
